 Dungeon Crawl Stone Soup version 0.29-a0-617-g7a6b98fccd (webtiles) character file.

Game seed: 10503334984120015251

60 Gwenloh the Skirmisher (level 3, -1/36 HPs)
             Began as a Troll Abyssal Knight on June 17, 2022.
             Was a Priest of Lugonu.
             Slain by an orc
             ... wielding a +3 war axe
              (3 damage)
             ... on level 2 of the Dungeon.
             The game lasted 00:03:17 (740 turns).

Gwenloh the Skirmisher (Troll Abyssal Knight)        Turns: 740, Time: 00:03:18

Health: -1/36      AC:  4    Str: 21    XL:     3   Next: 82%
Magic:  3/3        EV: 10    Int:  6    God:    Lugonu [***...]
Gold:   21         SH:  0    Dex: 12    Spells: 2/2 levels left

rFire   . . .      SeeInvis .   d - +2 spear (distort)
rCold   . . .      Faith    .   (no shield)
rNeg    . . .      Spirit   .   b - +0 robe
rPois   .          Reflect  .   (helmet restricted)
rElec   .          Harm     .   (no cloak)
rCorr   .          Rampage  .   (gloves unavailable)
Will    .....                   (boots unavailable)
Stlth   +.........              (no amulet)
HPRegen 0.92/turn               (no ring)
MPRegen 0.08/turn               (no ring)

@: no status effects
A: large, unfitting armour, claws 3, regeneration 1, shaggy fur 1, tough skin 1
a: Renounce Religion, Depart the Abyss, Bend Space, Banish


You were on level 2 of the Dungeon.
You worshipped Lugonu.
Lugonu was most pleased with you.
You visited 1 branch of the dungeon, and saw 2 of its levels.
You visited the Abyss 1 time.

You collected 21 gold pieces.

Inventory:

Hand Weapons
 a - a +1 mace
 d - a +2 spear of distortion (weapon)
Missiles
 c - 38 stones (quivered)
Armour
 b - a +0 robe (worn)
Jewellery
 h - a +6 ring of intelligence
Scrolls
 e - a scroll of identify {unknown}
 g - a scroll of noise {unknown}
 i - a scroll of amnesia {unknown}
Potions
 f - 2 potions of flight {unknown}


   Skills:
 + Level 2.8 Fighting
 * Level 2.5 Maces & Flails
 + Level 2.3 Dodging
 + Level 2.2 Invocations


You had 2 spell levels left.
You didn't know any spells.
Your spell library contained the following spells:

 Spells                   Type           Power      Damage    Failure   Level
 Blink                    Tloc           0%         N/A       58%         2
 Lesser Beckoning         Tloc           0%         N/A       83%         3
 Manifold Assault         Tloc           0%         N/A       100%        5


Dungeon Overview and Level Annotations

Branches:
Dungeon (2/15)

Altars:
Sif Muna

Annotations:
D:2 Natasha


Innate Abilities, Weirdness & Mutations

You are too large for most types of armour.
You have claws for hands.
Your natural rate of healing is unusually fast.
You are covered in fur. (AC +1)
You have tough skin. (AC +1)


Message History

The orc wizard hits you with a +0 dagger.
You barely miss the orc wizard.
You claw the orc wizard, but do no damage.
The orc drinks a potion.
The orc seems to speed up.
The orc wizard hits you with a +0 dagger.
You completely miss the orc wizard.
The orc wizard hits you but does no damage.
A frilled lizard comes into view.
The orc wizard hits you but does no damage.
The frilled lizard moves out of view.
The orc shouts!
You hit the orc wizard.
The orc wizard is lightly wounded.
The orc wizard blinks!
The orc barely misses you. The orc hits you with a +3 war axe.
Natasha, Servant of Life and Death comes into view.
The orc wizard hits you but does no damage.
Natasha hisses angrily.
The orc hits you with a +3 war axe! The orc hits you with a +3 war axe.
You are too injured to fight recklessly!
You hit the orc wizard but do no damage.
Space warps horribly around the orc wizard.
The orc wizard is moderately wounded.
The orc closely misses you.
Natasha mumbles some strange words.
The orc wizard points at you and mumbles some strange words.
You resist with significant effort. The orc hits you with a +3 war axe!
The orc hits you with a +3 war axe.
* * * LOW HITPOINT WARNING * * *
The orc wizard hits you with a +0 dagger.
* * * LOW HITPOINT WARNING * * *
The orc hits you but does no damage.
You hit the orc.
Space warps horribly around the orc!
You kill the orc!
Lugonu accepts your kill. The orc barely misses you.
The orc wizard hits you with a +0 dagger.
* * * LOW HITPOINT WARNING * * *
The orc hits you with a +3 war axe.
You die...

#..._..# ..#
#......# #....
##......##..#.#
#......#....#.#
#...#.#.##.#.#
###...l..†.#h#.#
#.....#..†##.#.#
#.#....<..##5#.#
#....(#..#@..#
...[.#.....)oo.#
..##.#.######..##
.#. #.#. #.).# #
.... #...## .##
#....# # #.)#..#
..######.)##.#
...........# )..


You could see an orc wizard, Natasha, a crimson imp (summoned) and an orc
(fast).

Vanquished Creatures
  An orc priest (D:2)
  A worm (D:2)
  2 orcs (D:2)
  An endoplasm (D:1)
  2 giant cockroaches
  4 goblins
  4 hobgoblins (D:1)
  4 kobolds (D:1)
  4 ball pythons
  2 bats
  A frilled lizard (D:1)
  A rat (D:1)
27 creatures vanquished.

Vanquished Creatures (others)
  A fungus (D:2)
1 creature vanquished.

Grand Total: 28 creatures vanquished

Notes
Turn   | Place    | Note
-------+----------+-------------------------------------------
     0 | Abyss:1  | Gwenloh the Troll Abyssal Knight began the quest for the
                  | Orb.
     0 | Abyss:1  | Reached XP level 1. HP: 22/22 MP: 1/1
     9 | D:1      | Escaped the Abyss
   173 | D:1      | Found a faded altar of an unknown god.
   194 | D:1      | Reached XP level 2. HP: 29/29 MP: 2/2
   457 | D:1      | Reached *** piety under Lugonu
   649 | D:2      | Found a shimmering blue altar of Sif Muna.
   684 | D:2      | Reached XP level 3. HP: 27/36 MP: 3/3
   736 | D:2      | Noticed Natasha
   740 | D:2      | Slain by an orc

Illustrated notes

Levels and vault maps discovered:
D:1:      matt_arrival_refuge, layout_loops_ring,
          dreamdust_ecumenical_altar_grove, chequers_serial_rivers_small_a
D:2:      layout_rooms, basic_altar, uniq_natasha, uniq_crazy_yiuf_cottage

Skill      XL: |  1  2 |
---------------+-------+-----
Dodging        | 2 |  2.3
Maces & Flails | 2 |  2.5
Invocations    | 2 |  2.2
Fighting       | |  2.8

Action                   || total
-------------------------++-------
Melee: Spear             ||    53
       Punch             ||     1
Throw: Stone             ||    24
 Stab: Sleeping          ||     4
Armor: Robe              ||     6
Dodge: Dodged            ||     8

Table legend: (Time is in decaauts)
 A = Elapsed time spent in this place.
 B = Non-inter-level travel time spent in this place.
 C = Inter-level travel time spent in this place.
 D = Time resting spent in this place.
 E = Time spent auto-exploring this place.
 F = Levels seen in this place.
 G = Mean time per level.
                   A        B        C        D        E       F      G
               +--------+--------+--------+--------+--------+-----+--------+
         Total |    748 |    740 |      8 |      0 |    562 |   3 |  249.3 |
       Dungeon |    739 |    731 |      8 |      0 |    560 |   2 |  369.5 |
         Abyss |      9 |      9 |      0 |      0 |      2 |   1 |    9.0 |
               +--------+--------+--------+--------+--------+-----+--------+

Top non-repeatable levels by time:
     D:1: 645 daAuts
     D:2: 94 daAuts
 Abyss:1: 9 daAuts
